Map: Acropolis LE

Players

sandboX - Winner!

  • Race: Zerg Zerg
  • League: Gold
  • Spawn Location: 5:00

A.I. 1 (Medium)

  • Race: Protoss Protoss
  • Spawn Location: 11:00

VOD

Have the link to the VOD?

Description

Time

  • Played on: Aug. 21, 2019, 12:49 a.m.
  • Length: 8:01
Show
View Real Time Build Order
Export as new Build Order

sandboX Zerg - Winner!

Build Orders: Hatch First 

Get SALT Encoding   

  12  0:01  Drone  
  13  0:12  Overlord  
  13  0:29  Drone  
  13  0:31  Drone x2  
  16  0:52  Hatchery  
  16  0:56  Drone  
  16  0:57  Drone  
  17  1:02  Drone  
  18  1:04  Extractor  
  17  1:20  Spawning Pool  
  17  1:21  Drone  
  17  1:24  Drone  
  18  1:33  Drone  
  19  1:45  Overlord  
  20  1:55  Drone  
  20  1:56  Hatchery  
  20  1:59  Extractor  
  19  2:06  Queen  
  21  2:10  Drone  
  21  2:15  Spine Crawler  
  21  2:17  Metabolic Boost  
  21  2:19  Drone  
  22  2:27  Drone  
  23  2:40  Roach Warren, Drone  
  23  2:51  Lair  
  24  2:58  Drone  
  24  3:00  Drone  
  25  3:08  Queen  
  27  3:15  Overlord  
  27  3:22  Zergling x4  
  27  3:27  Zergling x2  
  30  3:29  Zergling x2  
  31  4:00  Nydus Network  
  31  4:02  Queen x2  
  34  4:04  Zergling x4  
  36  4:11  Overlord  
  36  4:14  Zergling x2  
  37  4:20  Zergling x4  
  39  4:53  Nydus Canal  
  33  5:24  Roach x7  
  33  5:25  Roach x3  
  50  5:37  Nydus Canal  
  50  5:41  Zergling x4  
  52  5:43  Overlord x3  
  52  5:56  Nydus Canal  
  52  6:03  Roach x3  
  56  6:36  Roach x7  
  58  7:01  Nydus Canal  
  56  7:16  Roach x7  
Show
View Real Time Build Order
Export as new Build Order

A.I. 1 (Medium) Protoss 

Build Orders:  

Get SALT Encoding   

  12  0:00  Probe  
  13  0:13  Probe  
  14  0:19  Pylon  
  14  0:25  Probe  
  15  0:34  Probe  
  15  0:42  Probe  
  16  0:47  Assimilator  
  17  0:50  Gateway  
  17  0:52  Probe  
  18  0:59  Pylon  
  18  1:27  Gateway  
  18  1:32  Assimilator  
  18  1:40  Cybernetics Core  
  18  1:44  Zealot  
  20  2:03  Pylon  
  20  2:16  Warp Gate, Adept  
  22  2:34  Zealot  
  24  2:50  Pylon  
  24  2:51  Adept  
  26  3:06  Probe  
  26  3:08  Adept  
  29  3:14  Probe  
  30  3:24  Probe  
  30  3:25  Stalker  
  33  3:29  Pylon  
  33  3:36  Probe  
  34  3:42  Adept  
  34  3:48  Probe  
  37  3:49  Forge  
  37  4:00  Probe  
  38  4:04  Adept  
  40  4:21  Adept  
  42  4:38  Adept  
  44  5:14  Probe  
  42  5:23  Probe  
  42  5:33  Probe  
  43  5:45  Probe  
  44  6:20  Stalker  
  44  6:23  Pylon  
  46  6:27  Zealot  
  44  6:33  Probe  
  44  6:35  Photon Cannon  
  44  6:36  Stalker  
  44  6:38  Photon Cannon  
  39  6:40  Robotics Facility  
  39  6:46  Stargate  
  31  6:47  Zealot  
  29  6:57  Zealot  
  27  7:01  Twilight Council  
  27  7:05  Gateway  
  25  7:10  Adept  
  20  7:23  Zealot  
  20  7:28  Probe  
  16  7:37  Zealot  
Tags
 
Add a new tag
Caveats
  • Supply blocks, unpowered buildings, or Contaminate may cause inaccurate times.
  • Supply counts are checked every 10 seconds.